 Dungeon Sprint DCSS version 0.18-a0-1109-gfc003ac (webtiles) character file.

1544 truemonolith the Fighter (level 8, 0/82 HPs)
             Began as a Demonspawn Monk on Jan 16, 2016.
             Was a High Priest of Cheibriados.
             Slain by a komodo dragon (19 damage)
             ... in the Dungeon (Sprint IX: "|||||||||||||||||||||||||||||").
             The game lasted 00:02:54 (740 turns).

truemonolith the Fighter (Demonspawn Monk)           Turns: 740, Time: 00:02:54

Health: 0/82       AC: 17    Str: 29    XL:     8   Next: 56%
Magic:  8/8        EV: 13    Int: 26    God:    Cheibriados [*****.]
Gold:   0          SH:  0    Dex: 28    Spells: 0 memorised, 7 levels left

rFire  + . .     SeeInvis .       - Unarmed
rCold  . . .     Gourm    .     p - +1 chain mail
rNeg   . . .     Faith    .     (no shield)
rPois  .         Spirit   .     l - +0 helmet
rElec  .         Dismiss  .     (no cloak)
rCorr  .         Reflect  .     (no gloves)
SustAt .         Harm     .     m - +0 pair of boots
MR     .....     NoTele   +     (no amulet)
Stlth  ..........               o - +3 ring of strength
                                n - +2 ring of protection

@: very slightly contaminated, very slow, not resistant to hostile enchantments,
extremely unstealthy
A: talons 2, iridescent scales 1, fire resistance 1, spiny 1
a: Bend Time, Temporal Distortion, Slouch, Step From Time, Renounce Religion


You were in the Dungeon.
You worshipped Cheibriados.
Cheibriados was extremely pleased with you.
You were not hungry.

You visited 1 branch

Inventory:

Armour
 a - a +0 robe
 l - a +0 helmet (worn)
 m - a +0 pair of boots (worn)
 p - a +1 chain mail (worn)
Jewellery
 n - a +2 ring of protection (left hand)
 o - a +3 ring of strength (right hand)
Wands
 k - a wand of cold (7/15)
Scrolls
 h - 2 scrolls of blinking
 i - 3 scrolls of remove curse
 j - 2 scrolls of amnesia
Potions
 d - 3 potions of heal wounds
 e - a potion of haste
 f - 4 potions of magic
 g - 4 potions of curing
Comestibles
 b - a bread ration


   Skills:
 + Level 14.3 Fighting
 - Level 4.5 Dodging
 - Level 2.8 Stealth
 - Level 11.2 Unarmed Combat


You had 7 spell levels left.
You didn't know any spells.

Dungeon Overview and Level Annotations

Branches:
Dungeon (1/1)

Altars:
Cheibriados
Dithmenos
Elyvilon
Fedhas
Gozag
Kikubaaqudgha
Makhleb
Nemelex Xobeh
Okawaru
Pakellas
Qazlal
Ru
Sif Muna
Trog
Vehumet
Xom
Yredelemnul
Zin
The Shining One
Beogh
Jiyva
Lugonu


Innate Abilities, Weirdness & Mutations

You have razor-sharp toenails.
You are partially covered in iridescent scales (AC +4).
Your flesh is heat resistant.
You are partially covered in sharp spines.


Message History

Your toenails lengthen and sharpen.
You punch the komodo dragon!
The komodo dragon is moderately wounded.
The komodo dragon completely misses you.
You hit the komodo dragon but do no damage.
The komodo dragon is moderately wounded.
The komodo dragon bites you!
You hit the komodo dragon but do no damage.
The komodo dragon is moderately wounded.
The komodo dragon is struck by your spines.
The komodo dragon bites you!
* * * LOW HITPOINT WARNING * * *
You hit the komodo dragon but do no damage.
You punch the komodo dragon, but do no damage.
The komodo dragon is moderately wounded.
You closely miss the komodo dragon.
The komodo dragon is moderately wounded.
The komodo dragon is struck by your spines.
The komodo dragon bites you!!
You die...

▓.▓
▓.▓
▓.▓
▓.▓
▓.▓
▓'▓
▓(▓
▓(▓
▓@▓
▓l▓
▓.▓
▓.▓
▓+▓


You could see a komodo dragon.

Vanquished Creatures
  A centaur warrior (D)
  A cyclops (D)
  A two-headed ogre (shapeshifter) (D)
  An orc warrior (D)
  A sky beast (D)
  A giant frog (D)
  A killer bee (D)
  A wight (D)
  An iguana (D)
  3 worker ants (D)
  An adder (D)
  A worm (D)
  A jackal (D)
  A bat (D)
  A giant newt (D)
  3 rats (D)
20 creatures vanquished.

Vanquished Creatures (others)
  A vampire mosquito (D)
1 creature vanquished.

Grand Total: 21 creatures vanquished

Notes
Turn   | Place    | Note
--------------------------------------------------------------
     0 | D        | truemonolith the Demonspawn Monk began the quest for the Orb.
     0 | D        | Reached XP level 1. HP: 18/18 MP: 1/1
    12 | D        | Reached skill level 4 in Unarmed Combat
    88 | D        | Noticed a worker ant
    88 | D        | Noticed a worker ant
    88 | D        | Noticed a worker ant
    94 | D        | Gained mutation: You are partially covered in iridescent scales (AC +4). [demonic ancestry]
    94 | D        | Reached XP level 2. HP: 24/24 MP: 2/2
    96 | D        | Reached skill level 5 in Unarmed Combat
    96 | D        | Reached XP level 3. HP: 30/30 MP: 3/3
   112 | D        | Reached skill level 6 in Unarmed Combat
   112 | D        | Gained mutation: Your flesh is heat resistant. [demonic ancestry]
   112 | D        | Reached XP level 4. HP: 7/38 MP: 4/4
   298 | D        | Found a glowing silver altar of Zin.
   298 | D        | Found a glowing golden altar of the Shining One.
   298 | D        | Found an ancient bone altar of Kikubaaqudgha.
   298 | D        | Found a basalt altar of Yredelemnul.
   298 | D        | Found a shimmering altar of Xom.
   298 | D        | Found a radiant altar of Vehumet.
   299 | D        | Found an iron altar of Okawaru.
   300 | D        | Found a burning altar of Makhleb.
   301 | D        | Found a deep blue altar of Sif Muna.
   302 | D        | Found a bloodstained altar of Trog.
   303 | D        | Found a sparkling altar of Nemelex Xobeh.
   304 | D        | Found a white marble altar of Elyvilon.
   305 | D        | Found a roughly hewn altar of Beogh.
   306 | D        | Found a viscous altar of Jiyva.
   307 | D        | Found a corrupted altar of Lugonu.
   308 | D        | Found a blossoming altar of Fedhas.
   309 | D        | Found a snail-covered altar of Cheibriados.
   310 | D        | Found a shadowy altar of Dithmenos.
   311 | D        | Found a stormy altar of Qazlal.
   312 | D        | Found an opulent altar of Gozag.
   313 | D        | Found a sacrificial altar of Ru.
   314 | D        | Found an oddly glowing altar of Pakellas.
   317 | D        | Became a worshipper of Cheibriados the Contemplative
   317 | D        | Reached * piety under Cheibriados
   317 | D        | Reached ** piety under Cheibriados
   374 | D        | Noticed an orc warrior
   374 | D        | Noticed a sky beast
   374 | D        | Noticed a giant frog
   383 | D        | Reached skill level 7 in Unarmed Combat
   386 | D        | Reached skill level 8 in Unarmed Combat
   395 | D        | Killed an orc warrior
   395 | D        | Reached *** piety under Cheibriados
   395 | D        | Reached skill level 10 in Unarmed Combat
   395 | D        | Gained mutation: You have sharp toenails. [demonic ancestry]
   395 | D        | Reached XP level 5. HP: 39/43 MP: 5/5
   408 | D        | Killed a sky beast
   408 | D        | Reached skill level 11 in Unarmed Combat
   408 | D        | Reached XP level 6. HP: 38/49 MP: 6/6
   420 | D        | Reached **** piety under Cheibriados
   716 | D        | Noticed a cyclops
   716 | D        | Noticed a fire drake
   716 | D        | Noticed a vampire mosquito
   716 | D        | Noticed a centaur warrior
   716 | D        | Noticed a komodo dragon
   723 | D        | Killed a cyclops
   723 | D        | Gained mutation: You are partially covered in sharp spines. [demonic ancestry]
   723 | D        | Reached XP level 7. HP: 60/68 MP: 7/7
   724 | D        | Reached ***** piety under Cheibriados
   726 | D        | Noticed a two-headed ogre
   726 | D        | a fire drake changed into a two-headed ogre
   727 | D        | Killed a two-headed ogre
   728 | D        | Killed a vampire mosquito
   735 | D        | Killed a centaur warrior
   735 | D        | Reached skill level 14 in Fighting
   735 | D        | Gained mutation: You have razor-sharp toenails. [demonic ancestry]
   735 | D        | Reached XP level 8. HP: 37/82 MP: 8/8
   740 | D        | Slain by a komodo dragon

Vault maps used:
D:        linesprint

Action                   |  1- 3 |  4- 6 |  7- 9 || total
-------------------------+-------+-------+-------++-------
Melee: Unarmed           |    34 |    55 |    14 ||   103
  Use: Potion            |     1 |     2 |       ||     3
 Stab: Sleeping          |     1 |       |       ||     1
       Invisible         |       |     3 |     1 ||     4
